[Event "January 2 Early 2024"]
[Site "https://www.chess.com"]
[Date "2024.01.02"]
[Round "10"]
[White "Ismayil, Malak"]
[Black "Mikhalsky, Vladimir"]
[Result "0-1"]
[Board "91"]
[TimeControl "180+1"]
[WhiteFideId "13412604"]
[BlackFideId "14144352"]
[WhiteElo "2542"]
[BlackElo "2422"]
[WhiteTeam "AZE"]
[BlackTeam "UKR"]
[WhiteClock "0:00:00"]
[BlackClock "0:00:16"]

1. e4 g6 2. d4 Bg7 3. Nc3 d6 4. Be3 a6 5. h4 h5 6. Qd2 b5 7. a3 Nf6 8. f3 O-O 9. Nge2 Nbd7 10. Nf4 c5 11. dxc5 Nxc5 12. Rd1 Qc7 13. Nfd5 Qb7 14. b4 Nxd5 15. Nxd5 Na4 16. Bd4 Be6 17. Bxg7 Kxg7 18. Qd4+ Kg8 19. g4 Bxd5 20. exd5 Qa7 21. Qf4 e5 22. Qh6 e4 23. fxe4 Rae8 24. Bd3 Nc3 25. Qf4 Nxd5 26. Qg3 Qe3+ 27. Qxe3 Nxe3 28. Rd2 Nxg4 29. Rf1 d5 30. Re2 dxe4 31. Bxe4 Re7 32. Kd2 Rd8+ 33. Bd3 Rxe2+ 34. Kxe2 Ne5 35. Be4 Rd4 36. Ke3 Rc4 37. Rd1 Ng4+ 38. Kf3 Kg7 39. Rd7 Rxe4 0-1

[Event "January 2 Early 2024"]
[Site "https://www.chess.com"]
[Date "2024.01.02"]
[Round "10"]
[White "Gao, Raymond"]
[Black "Rangel, Daniel"]
[Result "1-0"]
[Board "92"]
[TimeControl "180+1"]
[WhiteFideId "2629429"]
[BlackFideId "2124475"]
[WhiteElo "2367"]
[BlackElo "2530"]
[WhiteTeam "CAN"]
[BlackTeam "BRA"]
[WhiteClock "0:00:04"]
[BlackClock "0:00:00"]

1. e4 c5 2. Nf3 g6 3. d4 cxd4 4. Qxd4 Nf6 5. e5 Nc6 6. Qd1 Nxe5 7. Nc3 Nxf3+ 8. Qxf3 Bg7 9. Bc4 O-O 10. O-O e6 11. Bg5 d5 12. Bb3 Bd7 13. Rfe1 Bc6 14. Ne2 e5 15. Rad1 d4 16. Qg3 Ne4 17. Bxd8 Nxg3 18. Be7 Nxe2+ 19. Rxe2 Rfe8 20. Bg5 a5 21. a3 a4 22. Bc4 Rac8 23. Rde1 Bxg2 24. Bxf7+ Kxf7 25. Kxg2 Rc5 26. f4 Bf6 27. Bxf6 Kxf6 28. fxe5+ Rcxe5 29. Rf2+ Kg7 30. Rd1 Rd5 31. Rg1 Rc8 32. Rgf1 Rc7 33. Rd2 g5 34. Re1 b5 35. Kf3 Rdc5 36. Ree2 R7c6 37. Ke4 d3 38. cxd3 Rd6 39. d4 Rcd5 40. Rf2 Kg6 41. Rf3 h5 42. Rc3 g4 43. Rdd3 Kg5 44. Rc5 Rxc5 45. dxc5 Rxd3 46. Kxd3 Kf5 47. Kd4 h4 48. Kd5 1-0

[Event "January 2 Early 2024"]
[Site "https://www.chess.com"]
[Date "2024.01.02"]
[Round "10"]
[White "Ankerst, Mihael"]
[Black "Przybylski, Wojciech"]
[Result "1-0"]
[Board "93"]
[TimeControl "180+1"]
[WhiteFideId "14602369"]
[BlackFideId "1117599"]
[WhiteElo "2348"]
[BlackElo "2529"]
[WhiteTeam "SLO"]
[BlackTeam "POL"]
[WhiteClock "0:00:49"]
[BlackClock "0:00:00"]

1. c4 e5 2. Nc3 Nf6 3. Qb3 Bc5 4. e3 O-O 5. a3 c6 6. Nf3 Re8 7. Be2 e4 8. Nd4 a5 9. O-O d6 10. d3 d5 11. cxd5 cxd5 12. dxe4 dxe4 13. Rd1 Qe7 14. Bd2 Nc6 15. Nxc6 bxc6 16. Be1 Be6 17. Qc2 Rab8 18. Nxe4 Nxe4 19. Qxe4 Rxb2 20. Bd3 f5 21. Qxc6 Rc8 22. Qa4 Bd6 23. Rdc1 Rd8 24. Bc4 Bxc4 25. Qxc4+ Kh8 26. Bxa5 Rf8 27. Bc3 Rb7 28. Qd4 Rd7 29. g3 h6 30. Rd1 Rfd8 31. a4 Qe6 32. Qh4 Kh7 33. a5 Be7 34. Qh5 Rxd1+ 35. Rxd1 Rc8 36. Bd4 Rc2 37. Qf3 Ra2 38. Ra1 Rxa1+ 39. Bxa1 Kg6 40. Bd4 Qc4 41. Bb6 Qd3 42. h4 h5 43. Kg2 Bf6 44. Qc6 Qb1 45. a6 Qa2 46. a7 1-0

[Event "January 2 Early 2024"]
[Site "https://www.chess.com"]
[Date "2024.01.02"]
[Round "10"]
[White "knightmareprodigy"]
[Black "Ljukin, Sergei"]
[Result "0-1"]
[Board "94"]
[TimeControl "180+1"]
[BlackFideId "14102200"]
[WhiteElo "2327"]
[BlackElo "2524"]
[BlackTeam "UKR"]
[WhiteClock "0:00:49"]
[BlackClock "0:02:13"]

1. e4 e6 2. d4 d5 3. e5 c5 4. c3 Nc6 5. Nf3 Qb6 6. Bd3 cxd4 7. O-O Bd7 8. h4 f6 9. Re1 fxe5 10. Nxe5 Nxe5 11. Rxe5 Nf6 12. cxd4 Bd6 13. Re1 O-O-O 14. Be3 h5 15. Nd2 Ng4 16. Nb3 Rhf8 17. a4 Bh2+ 18. Kh1 Rxf2 19. a5 Qd6 20. Qc1+ Kb8 21. Nc5 Bg1 0-1

[Event "January 2 Early 2024"]
[Site "https://www.chess.com"]
[Date "2024.01.02"]
[Round "10"]
[White "Fernandez Hernandez, Gerardo"]
[Black "Jaiveer Mahendru"]
[Result "1-0"]
[Board "95"]
[TimeControl "180+1"]
[WhiteFideId "2207400"]
[BlackFideId "25611151"]
[WhiteElo "2292"]
[BlackElo "2520"]
[WhiteTeam "ESP"]
[BlackTeam "IND"]
[WhiteClock "0:00:09"]
[BlackClock "0:00:46"]

1. e4 e6 2. d3 d5 3. Nd2 Nc6 4. Ngf3 g6 5. g3 Bg7 6. Bg2 Nge7 7. O-O O-O 8. Re1 f5 9. c3 b6 10. Qe2 Ba6 11. exf5 exf5 12. Ng5 Bc8 13. Ne6 Bxe6 14. Qxe6+ Kh8 15. Nf3 Rf6 16. Qe2 Qd7 17. Bg5 Rff8 18. d4 Rae8 19. Ne5 Nxe5 20. dxe5 Nc6 21. e6 Qd6 22. Rad1 Ne5 23. Rxd5 Qxe6 24. f4 Qf7 25. fxe5 c6 26. Rdd1 Rxe5 27. Qd2 Rxe1+ 28. Rxe1 Qxa2 29. Bxc6 Qc4 30. Bd5 Qc5+ 31. Kh1 a5 32. Be7 Qc7 33. Bxf8 Bxf8 34. Qd4+ Qg7 35. Qxg7+ Kxg7 36. Re6 Bc5 37. Rc6 a4 38. Rxc5 a3 39. Rc7+ Kh6 40. bxa3 g5 41. Rc6+ Kh5 42. Rxb6 g4 43. a4 Kg5 44. a5 h5 45. a6 h4 46. a7 h3 47. a8=Q Kh5 48. Qh8+ Kg5 49. Qg7+ Kh5 50. Rh6# 1-0

[Event "January 2 Early 2024"]
[Site "https://www.chess.com"]
[Date "2024.01.02"]
[Round "10"]
[White "Delgado Kuffo, Andres"]
[Black "Shapiro, Viktor"]
[Result "0-1"]
[Board "96"]
[TimeControl "180+1"]
[WhiteFideId "3600475"]
[BlackFideId "4175700"]
[WhiteElo "2266"]
[BlackElo "2519"]
[WhiteTeam "ECU"]
[BlackTeam "RUS"]
[WhiteClock "0:00:00"]
[BlackClock "0:00:44"]

1. e3 Nf6 2. b3 e6 3. Bb2 d5 4. f4 Bd6 5. Nf3 O-O 6. Bd3 b6 7. O-O Bb7 8. Qe1 Ne4 9. Nc3 f5 10. Ne2 Nd7 11. Ned4 Qe7 12. Bxe4 fxe4 13. Ng5 Rf6 14. Qh4 Rh6 15. Qg4 Rg6 16. Qh3 Nf8 17. Ndxe6 Rxe6 18. Nxe6 Qxe6 19. f5 Qf7 20. f6 g6 21. Rf2 Ne6 22. Raf1 Rf8 23. g4 Ng5 24. Qh6 Nf3+ 25. Rxf3 exf3 26. g5 d4 27. Bxd4 Bc5 28. c3 Bxd4 29. cxd4 c5 30. dxc5 bxc5 31. Rc1 Rc8 32. Rc4 Bd5 33. Ra4 c4 34. bxc4 Rxc4 35. Ra6 Rc6 0-1

[Event "January 2 Early 2024"]
[Site "https://www.chess.com"]
[Date "2024.01.02"]
[Round "10"]
[White "Skurikhin, Dmitrij"]
[Black "Aldokhin, Ivan"]
[Result "0-1"]
[Board "97"]
[TimeControl "180+1"]
[WhiteFideId "4161297"]
[BlackFideId "24115720"]
[WhiteElo "2294"]
[BlackElo "2649"]
[WhiteTeam "RUS"]
[BlackTeam "RUS"]
[WhiteClock "0:00:00"]
[BlackClock "0:00:02"]

1. d4 Nf6 2. Nf3 g6 3. c4 Bg7 4. Nc3 d6 5. e4 O-O 6. Be2 Nc6 7. O-O Re8 8. Bg5 h6 9. Bh4 e5 10. d5 Nd4 11. Nd2 g5 12. Bg3 c5 13. dxc6 bxc6 14. Nb3 c5 15. f3 Nh5 16. Nxd4 exd4 17. Nd5 Nxg3 18. hxg3 d3 19. Qxd3 Bxb2 20. Rab1 Bd4+ 21. Kh2 Be6 22. Ne3 Qf6 23. Nc2 Be5 24. Qe3 Qg7 25. f4 Bf6 26. Qd3 Rad8 27. Rb7 h5 28. Ne3 h4 29. fxg5 hxg3+ 30. Kxg3 Qxg5+ 31. Kf2 Bd4 32. Bf3 f5 33. Ke2 d5 34. cxd5 Bc8 35. Rc7 Qf4 36. g3 Qxc7 37. Nxf5 Bxf5 38. Kd1 Bg6 39. d6 Qxd6 40. Qc4+ Kg7 41. Rh1 Be5+ 0-1

[Event "January 2 Early 2024"]
[Site "https://www.chess.com"]
[Date "2024.01.02"]
[Round "10"]
[White "Spata, German"]
[Black "Spichkin, Alexander"]
[Result "1-0"]
[Board "98"]
[TimeControl "180+1"]
[WhiteFideId "113026"]
[BlackFideId "4144074"]
[WhiteElo "2634"]
[BlackElo "2431"]
[WhiteTeam "ARG"]
[BlackTeam "RUS"]
[WhiteClock "0:00:50"]
[BlackClock "0:02:34"]

1. Nf3 f5 2. e3 Nf6 3. d4 e6 4. Be2 Be7 5. O-O O-O 6. b3 b6 7. Bb2 Bb7 8. c4 Ne4 9. Nc3 Rf6 10. d5 Rh6 11. Nxe4 fxe4 12. Nd4 Bd6 13. g3 exd5 14. Nf5 Rg6 15. cxd5 Bc5 16. a3 a5 17. b4 axb4 18. axb4 Bxb4 19. Rxa8 Bxa8 20. Qa4 Qf8 21. Qxa8 d6 22. Ne7+ Qxe7 23. Qxb8+ Kf7 24. Bh5 Qd7 25. Bxg6+ Kxg6 26. Rc1 Bc5 27. Qf8 Kh5 28. Qxg7 1-0

[Event "January 2 Early 2024"]
[Site "https://www.chess.com"]
[Date "2024.01.02"]
[Round "10"]
[White "Andrews, Todd"]
[Black "Jovic, Stanoje"]
[Result "1-0"]
[Board "99"]
[TimeControl "180+1"]
[WhiteFideId "2012456"]
[BlackFideId "905020"]
[WhiteElo "2597"]
[BlackElo "2426"]
[WhiteTeam "USA"]
[BlackTeam "SRB"]
[WhiteClock "0:00:39"]
[BlackClock "0:00:00"]

1. d4 Nf6 2. c4 e6 3. Nc3 Bb4 4. Qc2 d5 5. cxd5 exd5 6. Bg5 O-O 7. e3 c6 8. Bd3 h6 9. Bh4 Nbd7 10. Ne2 Bd6 11. Bg3 Qe7 12. O-O Re8 13. Rab1 Nf8 14. Bxd6 Qxd6 15. b4 b5 16. a4 a6 17. Rfc1 Bg4 18. Ng3 Bd7 19. Nce2 g5 20. Bf5 Rec8 21. Bxd7 Qxd7 22. Qf5 Kg7 23. Rc3 bxa4 24. Ra1 a5 25. Rxa4 axb4 26. Qxd7 N8xd7 27. Rxa8 Rxa8 28. Rxc6 b3 29. Rc1 Ne4 30. Nxe4 dxe4 31. Rb1 b2 32. f3 Ra1 33. Nc3 exf3 34. gxf3 Nb6 35. Kf2 Nc4 36. Ke2 f5 37. Kd3 Rxb1 38. Nxb1 Nb6 39. Kc2 g4 40. fxg4 fxg4 41. Nd2 Na4 42. Kb3 h5 43. Kxa4 h4 44. Kb3 g3 45. hxg3 h3 46. Kxb2 h2 47. Kc3 h1=Q 48. Kd3 Qd1 49. e4 Qg4 50. d5 Qxg3+ 51. Kd4 Qg1+ 52. Kd3 Kf6 53. Nc4 Qd1+ 54. Kc3 Ke7 55. Ne3 Qe2 56. Nf5+ Kf6 57. Kd4 Qb2+ 58. Kc5 Ke5 59. d6 Qc2+ 60. Kb6 Qb3+ 61. Kc7 Qc4+ 62. Kd8 1-0

[Event "January 2 Early 2024"]
[Site "https://www.chess.com"]
[Date "2024.01.02"]
[Round "10"]
[White "Nemec, Jachym"]
[Black "Manukian, Artak"]
[Result "1-0"]
[Board "100"]
[TimeControl "180+1"]
[WhiteFideId "23716525"]
[BlackFideId "13301373"]
[WhiteElo "2423"]
[BlackElo "2588"]
[WhiteTeam "CZE"]
[BlackTeam "ARM"]
[WhiteClock "0:00:38"]
[BlackClock "0:00:42"]

1. Nf3 g6 2. g3 Bg7 3. Bg2 e5 4. d3 d5 5. O-O Nc6 6. e4 dxe4 7. dxe4 Qxd1 8. Rxd1 Bg4 9. c3 Nge7 10. h3 Bxf3 11. Bxf3 Rd8 12. Rxd8+ Kxd8 13. a4 f5 14. Na3 Kc8 15. Nc4 Rd8 16. Be3 fxe4 17. Bxe4 Nf5 18. b4 Nxe3 19. Nxe3 Ne7 20. a5 a6 21. Kf1 c6 22. Ke2 Kc7 23. Rd1 Rxd1 24. Kxd1 Kd6 25. Nc4+ Ke6 26. Kc2 Nd5 27. Kd3 Bh6 28. Nb2 Nf6 29. Na4 Bf8 30. g4 Bd6 31. f3 Ng8 32. Kc4 Ne7 33. Nc5+ Bxc5 34. Kxc5 Kd7 35. c4 Kc7 36. h4 h6 37. h5 g5 38. b5 cxb5 39. cxb5 axb5 40. Kxb5 Nc8 41. Kc5 Ne7 42. Bd5 Nc8 43. Bb3 Ne7 44. Ba4 Nc8 45. Kd5 Nd6 46. Kxe5 Nc4+ 47. Kf6 Nxa5 48. Kg7 Nc4 49. Kxh6 Ne5 50. Kg7 1-0

[Event "January 2 Early 2024"]
[Site "https://www.chess.com"]
[Date "2024.01.02"]
[Round "10"]
[White "Rees, Ioan"]
[Black "Volkov, Sergei"]
[Result "1/2-1/2"]
[Board "101"]
[TimeControl "180+1"]
[WhiteFideId "1801236"]
[BlackFideId "4176588"]
[WhiteElo "2422"]
[BlackElo "2531"]
[WhiteTeam "WLS"]
[BlackTeam "RUS"]
[WhiteClock "0:00:40"]
[BlackClock "0:00:08"]

1. e4 c5 2. c3 d6 3. d4 Nf6 4. Bd3 Nc6 5. Nf3 e5 6. d5 Ne7 7. c4 Ng6 8. Nc3 Be7 9. O-O O-O 10. Ne1 Nf4 11. f3 Nxd3 12. Nxd3 a6 13. a4 Nd7 14. Kh1 Bg5 15. Qe1 Bxc1 16. Rxc1 Qg5 17. Qg3 h6 18. Qxg5 hxg5 19. g4 g6 20. Rb1 b6 21. b4 cxb4 22. Rxb4 a5 23. Rb2 Ba6 24. Nb5 Bxb5 25. Rxb5 Rac8 26. Rc1 Rc7 27. Kg2 Rfc8 28. Nb2 Kg7 29. Rc2 f5 30. h3 Kf6 31. Rb3 Rf8 32. Nd3 Ke7 33. Nf2 f4 34. Nd3 Rfc8 35. Nb2 Rc5 36. Kf1 R5c7 37. Ke1 Rh8 38. Rh2 Rcc8 39. Kf1 Rb8 40. Nd3 Nc5 41. Nxc5 bxc5 42. Rb5 Rxb5 43. axb5 Kd7 44. Ra2 Ra8 45. Ra4 Kc7 46. Kg2 Kb6 47. Kh2 Ra7 48. Kg2 Ra8 49. Kh2 Ra7 50. Kg2 Ra8 1/2-1/2

[Event "January 2 Early 2024"]
[Site "https://www.chess.com"]
[Date "2024.01.02"]
[Round "10"]
[White "Khamdamova, Afruza"]
[Black "Mazurkiewicz, Michal"]
[Result "1-0"]
[Board "102"]
[TimeControl "180+1"]
[WhiteFideId "14210444"]
[BlackFideId "1124943"]
[WhiteElo "2531"]
[BlackElo "2414"]
[WhiteTeam "UZB"]
[BlackTeam "POL"]
[WhiteClock "0:00:06"]
[BlackClock "0:00:03"]

1. e4 d6 2. d4 Nf6 3. Nc3 c6 4. Nf3 Bg4 5. h3 Bh5 6. Bd3 e6 7. O-O d5 8. e5 Nfd7 9. Be3 c5 10. Nb5 a6 11. Nd6+ Bxd6 12. exd6 c4 13. Be2 Nc6 14. b3 b5 15. a4 O-O 16. Qd2 Bxf3 17. Bxf3 Nb6 18. Bf4 b4 19. a5 c3 20. Qe3 Nc8 21. Be2 Nxd6 22. Bd3 Nb5 23. Qg3 Nbxd4 24. Bh6 Qf6 25. Bg5 Qe5 26. Bf4 Ne2+ 27. Bxe2 Qxe2 28. Bh6 Qe5 29. f4 Qf6 30. Bg5 Qf5 31. Qf2 f6 32. Bh4 Qe4 33. Kh2 Qd4 34. Qg3 Qe4 35. Rae1 Qf5 36. Qf2 Rae8 37. g4 Qg6 38. Qc5 Nd8 39. Rf2 e5 40. Qxd5+ Qf7 41. Qxf7+ Nxf7 42. f5 Rd8 43. Kg1 Rd5 44. Kf1 Rfd8 45. Re4 Rb5 46. Rfe2 Kf8 47. Bf2 Nd6 48. R4e3 Rxa5 49. Rd3 Ke7 50. Bb6 Ra1+ 51. Kg2 Rd7 52. Bc5 Rc1 53. Bxb4 Rb1 54. Rxc3 Ke8 55. Rd2 Nb5 56. Rc8+ Rd8 57. Rcxd8+ Kf7 58. Rf8# 1-0

[Event "January 2 Early 2024"]
[Site "https://www.chess.com"]
[Date "2024.01.02"]
[Round "10"]
[White "Zhuk, Valeriy"]
[Black "Rogov, Matfey"]
[Result "0-1"]
[Board "103"]
[TimeControl "180+1"]
[WhiteFideId "24151254"]
[BlackFideId "44191308"]
[WhiteElo "2399"]
[BlackElo "2527"]
[WhiteTeam "RUS"]
[BlackTeam "RUS"]
[WhiteClock "0:01:17"]
[BlackClock "0:02:03"]

1. e4 e5 2. Nf3 Nf6 3. Nc3 Nc6 4. Bb5 Nd4 5. Ba4 c6 6. d3 d5 7. exd5 b5 8. Bb3 Bg4 9. dxc6 Qc7 10. Be3 Bxf3 11. gxf3 Qxc6 12. Bxd4 exd4 13. Qe2+ Kd7 14. Ne4 Bb4+ 15. Kd1 Nd5 16. a4 a6 17. Bxd5 Qxd5 18. f4 f5 19. Ng3 Rhe8 20. Qh5 Qxh1+ 21. Nxh1 Re1# 0-1

[Event "January 2 Early 2024"]
[Site "https://www.chess.com"]
[Date "2024.01.02"]
[Round "10"]
[White "Skibbe, Willi"]
[Black "Bold, Andre"]
[Result "0-1"]
[Board "104"]
[TimeControl "180+1"]
[WhiteFideId "4682190"]
[BlackFideId "16208471"]
[WhiteElo "2396"]
[BlackElo "2507"]
[WhiteTeam "GER"]
[BlackTeam "GER"]
[WhiteClock "0:00:00"]
[BlackClock "0:00:51"]

1. d4 d5 2. Nf3 c6 3. Nbd2 Nf6 4. c4 Bf5 5. Nh4 Bd7 6. e3 g6 7. Bd3 Bg7 8. b3 O-O 9. Bb2 Bg4 10. Qc2 a5 11. h3 Bc8 12. a3 b6 13. O-O Ba6 14. f4 Nbd7 15. Nhf3 Ne8 16. Ne5 Nxe5 17. fxe5 c5 18. Rad1 Nc7 19. Nf3 Ne6 20. cxd5 Bxd3 21. Qxd3 Qxd5 22. e4 Qb7 23. d5 Nc7 24. Qc2 Rad8 25. a4 Na6 26. Qc4 Nb4 27. Ng5 Qa6 28. Bc3 Qxc4 29. bxc4 h6 30. Nf3 e6 31. d6 f6 32. Bd2 fxe5 33. Bc3 Nc6 34. Rd2 Nd4 35. Nxd4 exd4 36. Bb2 Rxf1+ 37. Kxf1 e5 38. Rf2 Rxd6 39. Ke2 g5 40. g4 h5 41. Kd3 hxg4 42. hxg4 Rh6 43. Rf3 Rh1 44. Rf2 Rg1 0-1

[Event "January 2 Early 2024"]
[Site "https://www.chess.com"]
[Date "2024.01.02"]
[Round "10"]
[White "Stojanovski, Sandi"]
[Black "Samaganova, Aleksandra"]
[Result "1-0"]
[Board "105"]
[TimeControl "180+1"]
[WhiteFideId "1403249"]
[BlackFideId "13800221"]
[WhiteElo "2500"]
[BlackElo "2394"]
[WhiteTeam "DEN"]
[BlackTeam "KGZ"]
[WhiteClock "0:00:11"]
[BlackClock "0:00:03"]

1. d4 Nf6 2. c4 e6 3. Nc3 Bb4 4. Nf3 b6 5. Bd2 Bb7 6. e3 O-O 7. Bd3 c5 8. a3 Bxc3 9. Bxc3 cxd4 10. Nxd4 d5 11. O-O Nbd7 12. cxd5 Nxd5 13. Rc1 N7f6 14. Qe2 Rc8 15. Bd2 e5 16. Nf5 e4 17. Bc4 Qd7 18. Ng3 Rfd8 19. Rfd1 Qe6 20. Be1 Qe5 21. Rc2 Ne7 22. Bc3 Qg5 23. Ba2 Nf5 24. Rcd2 Rxd2 25. Qxd2 h5 26. Nxf5 Qxf5 27. Qd6 Ng4 28. Qf4 Qxf4 29. exf4 e3 30. fxe3 Nxe3 31. Rd7 Bc6 32. Rxf7 Bd5 33. Rxg7+ Kf8 34. Bxd5 Nxd5 35. Rh7 Rd8 36. Rh8+ Ke7 37. Rxd8 Kxd8 38. Bd2 Ke7 39. Kf2 Ke6 40. Kf3 Kf5 41. g3 Nf6 42. h3 a6 43. Bc3 Nd5 44. g4+ hxg4+ 45. hxg4+ Kg6 46. f5+ Kf7 47. Ke4 Nc7 48. g5 Nb5 49. g6+ Kg8 50. Be5 Na7 51. Kd5 Nc8 52. Ke6 b5 53. f6 Nb6 54. f7+ Kf8 55. Bd6+ Kg7 56. f8=Q+ Kxg6 57. Qf5+ Kg7 58. Bf8+ Kg8 59. Qf7+ Kh8 60. Qg7# 1-0

[Event "January 2 Early 2024"]
[Site "https://www.chess.com"]
[Date "2024.01.02"]
[Round "10"]
[White "Andersson, Bjorn 1960"]
[Black "Novikov, Evgenij"]
[Result "0-1"]
[Board "106"]
[TimeControl "180+1"]
[WhiteFideId "1700545"]
[BlackFideId "4125380"]
[WhiteElo "2387"]
[BlackElo "2497"]
[WhiteTeam "SWE"]
[BlackTeam "RUS"]
[WhiteClock "0:00:04"]
[BlackClock "0:00:03"]

1. e4 c5 2. Nc3 d6 3. g3 h5 4. h3 h4 5. g4 e5 6. Bg2 Ne7 7. d3 Ng6 8. Be3 Be7 9. Qd2 Nc6 10. Nge2 Nd4 11. f4 exf4 12. Nxf4 Bg5 13. O-O Ne5 14. Ncd5 O-O 15. Kh1 f6 16. c3 Ndc6 17. Nh5 Bxe3 18. Qxe3 Kh7 19. Qf2 Ng6 20. Nhf4 Nce7 21. Nxe7 Nxe7 22. Qxh4+ Kg8 23. Nd5 Ng6 24. Qh5 Ne5 25. d4 cxd4 26. cxd4 Nc6 27. Rad1 Be6 28. Nf4 Bf7 29. Qb5 Qb6 30. Qxb6 axb6 31. a3 Ra4 32. Ne2 Bc4 33. Rf2 Bxe2 34. Rxe2 Rxd4 35. Rxd4 Nxd4 36. Rd2 Nb5 37. Bf1 Nc7 38. Rxd6 Re8 39. Bg2 Re6 40. Rd7 Nb5 41. Rxb7 Nd4 42. e5 Rxe5 43. Rxb6 Re1+ 44. Kh2 Re2 45. Kg3 g5 46. Rxf6 Kg7 47. Rf2 Re3+ 48. Kh2 Ne6 49. Rc2 Nf4 50. Bf1 Rf3 51. Kg1 Rg3+ 52. Kf2 Rb3 53. Rd2 Kf6 54. Ke1 Re3+ 55. Kd1 Rf3 56. Bg2 Rg3 57. Bf1 Rg1 58. Ke1 Nxh3 59. Rh2 Nf4 60. Kf2 Rxg4 61. Rh6+ Ke5 62. Rb6 Rh4 63. a4 Rh2+ 64. Ke1 Rh1 65. a5 Ke4 66. a6 Ke3 67. a7 Nd3+ 68. Kd1 Rxf1+ 69. Kc2 Rc1+ 70. Kb3 Ra1 71. Rb7 Nc5+ 72. Kb4 Nxb7 73. Kb5 Rxa7 0-1

[Event "January 2 Early 2024"]
[Site "https://www.chess.com"]
[Date "2024.01.02"]
[Round "10"]
[White "Balla, Tamas-Kristof"]
[Black "Legenia, Artem"]
[Result "1-0"]
[Board "107"]
[TimeControl "180+1"]
[WhiteFideId "1208497"]
[BlackFideId "14136945"]
[WhiteElo "2496"]
[BlackElo "2381"]
[WhiteTeam "ROU"]
[BlackTeam "UKR"]
[WhiteClock "0:00:38"]
[BlackClock "0:00:37"]

1. e4 Nc6 2. d4 d5 3. exd5 Qxd5 4. Nf3 Bg4 5. Nc3 Qa5 6. Bb5 O-O-O 7. Bxc6 bxc6 8. Be3 Nf6 9. Qe2 e6 10. h3 Bxf3 11. Qxf3 Kb7 12. O-O Bb4 13. Ne4 Nxe4 14. Qxe4 Qf5 15. Qh4 h6 16. c4 g5 17. Qh5 Bd6 18. b4 Qg6 19. Qf3 Qf5 20. Qe2 Kc8 21. c5 Be7 22. b5 cxb5 23. Qxb5 Qd5 24. Rab1 Rhg8 25. Qa4 g4 26. c6 a5 27. Rb5 Qxc6 28. Rc1 Qe4 29. Rxa5 gxh3 30. Ra8+ Qxa8 31. Qxa8+ Kd7 32. Qc6+ Kc8 33. Qxc7# 1-0

[Event "January 2 Early 2024"]
[Site "https://www.chess.com"]
[Date "2024.01.02"]
[Round "10"]
[White "Marchesich, Giovanni"]
[Black "Santos Flores, Alberto"]
[Result "0-1"]
[Board "108"]
[TimeControl "180+1"]
[WhiteFideId "2824790"]
[BlackFideId "3601234"]
[WhiteElo "2371"]
[BlackElo "2494"]
[WhiteTeam "ITA"]
[BlackTeam "ECU"]
[WhiteClock "0:00:00"]
[BlackClock "0:00:58"]

1. e4 e6 2. d4 d5 3. exd5 exd5 4. Bd3 Nc6 5. c3 Bd6 6. Ne2 Qh4 7. g3 Qh3 8. Bf4 Qg2 9. Rg1 Qxh2 10. Bxd6 cxd6 11. Na3 Bg4 12. Qd2 Nf6 13. O-O-O O-O-O 14. Rh1 Qg2 15. f3 Qxf3 16. Rdf1 Ne4 17. Rxf3 Nxd2 18. Rxf7 Ne4 19. Rxg7 Nf2 20. Rxg4 Nxh1 21. Nf4 Nf2 22. Bf5+ Kb8 23. Rg7 Rdg8 24. Rd7 Rxg3 25. Nxd5 h5 26. Nb5 Rd8 27. Rh7 Rg5 28. Ne3 Ng4 29. Nxg4 hxg4 30. Be4 g3 31. Bxc6 bxc6 32. Nxa7 Rc8 0-1

[Event "January 2 Early 2024"]
[Site "https://www.chess.com"]
[Date "2024.01.02"]
[Round "10"]
[White "Preobrazhenskaya, Diana"]
[Black "Hasanagic, Anel"]
[Result "0-1"]
[Board "109"]
[TimeControl "180+1"]
[WhiteFideId "34270566"]
[BlackFideId "14605791"]
[WhiteElo "2360"]
[BlackElo "2490"]
[WhiteTeam "FID"]
[BlackTeam "SLO"]
[WhiteClock "0:00:03"]
[BlackClock "0:00:20"]

1. e4 c6 2. d4 d5 3. e5 c5 4. dxc5 Nc6 5. f4 Nh6 6. Nf3 Bg4 7. c3 e6 8. Be3 Nf5 9. Bf2 g5 10. fxg5 Bxf3 11. Qxf3 Qxg5 12. Nd2 Nxe5 13. Bb5+ Nc6 14. O-O-O O-O-O 15. Bxc6 bxc6 16. g4 Nh6 17. Rhg1 e5 18. Qe2 Kb7 19. h4 Qe7 20. g5 Nf5 21. Qg4 Ng7 22. c4 d4 23. Ne4 Ne6 24. Nd6+ Rxd6 25. cxd6 Qxd6 26. Qf3 Nd8 27. Rd3 h6 28. Rb3+ Kc7 29. Ra3 hxg5 30. Rxa7+ Kb6 31. Ra8 Kb7 32. Ra4 Qc5 33. Qb3+ Kc7 34. Ra8 Nb7 35. hxg5 f6 36. Re8 Kd7 37. Rb8 Nd6 38. Kb1 fxg5 39. Bg3 Bg7 40. Rf1 Rxb8 41. Qxb8 Qxc4 42. Qa7+ Ke6 43. Re1 Qd3+ 44. Ka1 Ne4 45. Qxg7 Nxg3 46. Qh6+ Kd5 47. Qxg5 Ne4 48. Qg8+ Kd6 49. Qg6+ Kd5 50. Qg2 c5 51. a4 c4 52. a5 c3 53. b3 c2 54. Rc1 Qc3+ 55. Ka2 d3 56. Qf3 Qxa5+ 57. Kb2 Qc3+ 58. Ka2 d2 59. Qxc3 Nxc3+ 60. Kb2 dxc1=Q+ 61. Kxc1 Kd4 62. Kxc2 Nd5 63. Kd2 Nb4 64. Ke2 e4 65. Kd2 e3+ 66. Ke2 Ke4 67. Ke1 Kd3 68. Kd1 Nc2 69. Kc1 e2 70. Kb2 e1=Q 71. Ka2 Qa1# 0-1

[Event "January 2 Early 2024"]
[Site "https://www.chess.com"]
[Date "2024.01.02"]
[Round "10"]
[White "Lacasa Diaz, Josep Anton"]
[Black "Lopusiewicz, Piotr"]
[Result "1-0"]
[Board "110"]
[TimeControl "180+1"]
[WhiteFideId "2203375"]
[BlackFideId "1116029"]
[WhiteElo "2330"]
[BlackElo "2483"]
[WhiteTeam "ESP"]
[BlackTeam "POL"]
[WhiteClock "0:00:45"]
[BlackClock "0:00:09"]

1. b3 e5 2. Bb2 Nc6 3. c4 Nf6 4. e3 d5 5. cxd5 Qxd5 6. Nc3 Qd6 7. a3 Be7 8. Qc2 a6 9. Nf3 O-O 10. Be2 Re8 11. d3 Bg4 12. O-O Rad8 13. Rfd1 h6 14. b4 Bf8 15. Rac1 Rc8 16. h3 Bf5 17. Ne4 Qe6 18. Nc5 Bxc5 19. Qxc5 Bxh3 20. gxh3 Qxh3 21. Nh2 Re6 22. Kh1 Rd8 23. Rg1 Rd5 24. Qc4 e4 25. Bxf6 Rh5 26. Rxg7+ Kf8 27. Bxh5 Rxf6 28. Rxf7+ 1-0

[Event "January 2 Early 2024"]
[Site "https://www.chess.com"]
[Date "2024.01.02"]
[Round "10"]
[White "Kornyukov, Alexey"]
[Black "Azali, Tannaz"]
[Result "0-1"]
[Board "111"]
[TimeControl "180+1"]
[WhiteFideId "4150457"]
[BlackFideId "12537721"]
[WhiteElo "2318"]
[BlackElo "2481"]
[WhiteTeam "RUS"]
[BlackTeam "IRI"]
[WhiteClock "0:00:06"]
[BlackClock "0:01:33"]

1. d4 Nf6 2. Nc3 d5 3. Bg5 c6 4. Nf3 h6 5. Bh4 Bf5 6. e3 e6 7. Bd3 Bxd3 8. cxd3 Nbd7 9. O-O Be7 10. e4 O-O 11. e5 Nh7 12. Bxe7 Qxe7 13. Qb3 b6 14. Rac1 c5 15. Ne2 cxd4 16. Nexd4 Nc5 17. Qa3 Rfc8 18. b4 Nd7 19. Nc6 Qf8 20. Qb2 Qe8 21. b5 Nc5 22. Rfd1 a6 23. Ncd4 axb5 24. Nxb5 Qd7 25. Nd6 Rcb8 26. Nd4 Nf8 27. N4b5 Ng6 28. d4 Ne4 29. Rc7 Qd8 30. Nxf7 Qh4 31. g3 Qg4 32. Rdc1 Nf4 33. f3 Qxf3 34. gxf4 Qe3+ 35. Kg2 Nd2 36. R1c3 Qe2+ 37. Kh3 Qh5+ 38. Kg2 Qg4+ 39. Kf2 Ne4+ 40. Ke3 Qh3+ 41. Ke2 Qxh2+ 42. Kd3 Qxb2 43. Rc2 Qxb5+ 44. Ke3 Ra3+ 0-1

[Event "January 2 Early 2024"]
[Site "https://www.chess.com"]
[Date "2024.01.02"]
[Round "10"]
[White "Tikhonov, Viacheslav"]
[Black "Jahnz, Fabian"]
[Result "0-1"]
[Board "112"]
[TimeControl "180+1"]
[WhiteFideId "44196407"]
[BlackFideId "4653300"]
[WhiteElo "2474"]
[BlackElo "2317"]
[WhiteTeam "RUS"]
[BlackTeam "GER"]
[WhiteClock "0:00:00"]
[BlackClock "0:01:30"]

1. e4 c6 2. d4 d5 3. Nc3 dxe4 4. Nxe4 Nf6 5. Nxf6+ exf6 6. Bc4 Bd6 7. Qe2+ Qe7 8. Qxe7+ Kxe7 9. Ne2 Re8 10. Bd3 Kf8 11. Bd2 Kg8 12. O-O-O Be6 13. Kb1 a5 14. Nf4 Nd7 15. Rhe1 a4 16. a3 Nb6 17. c4 Bxf4 18. Rxe6 fxe6 19. Bxf4 e5 20. dxe5 fxe5 21. Be3 Nc8 22. Be4 Ne7 23. Rd7 b5 24. cxb5 Rac8 25. Bc5 Nd5 26. bxc6 Nf6 27. Bc2 Rxc6 28. Re7 Rxc5 29. Ra7 Rec8 30. Bxa4 Rc1+ 31. Ka2 h6 32. Bb3+ Kh7 33. Re7 Re1 34. Be6 Rcc1 35. Bf5+ Kg8 36. Bg6 Rc8 37. g4 Re2 38. f3 Rxh2 39. Rxe5 Rb8 40. Ka1 Rhxb2 0-1